 Dungeon Crawl Stone Soup version 0.18.1-48-g4cf74bf (webtiles) character file.

369484 gloryseeker the Convoker (level 21, -18/150 HPs)
             Began as a Mummy Summoner on Aug 28, 2016.
             Was the Champion of Sif Muna.
             Demolished by a death scarab (22 damage)
             ... on level 2 of the Tomb of the Ancients on Aug 29, 2016.
             The game lasted 08:16:32 (74656 turns).

gloryseeker the Convoker (Mummy Summoner)          Turns: 74656, Time: 08:16:33

Health: -18/150    AC: 21    Str: 21    XL:     21   Next: 66%
Magic:  47/47      EV: 14    Int: 26    God:    Sif Muna [******]
Gold:   4887       SH:  8    Dex: 12    Spells: 9 memorised, 3 levels left

rFire  . . .     SeeInvis .     i - +12 rapier of Defenestration {pain, rElec rN+ Dex+2}
rCold  + + .     Gourm    .     o - +2 robe {rC+ rF+}
rNeg   + + +     Faith    .     y - +3 warlock's mirror {reflect}
rPois  ∞         Spirit   .     k - +2 helmet
rElec  +         Dismiss  .     v - +1 cloak
rCorr  .         Reflect  +     C - +0 pair of gloves of Satisfaction {rN+ Int+4}
SustAt .         Harm     .     V - +2 pair of boots {Stlth+}
MR     ++...                    q - amulet of magic regeneration
Stlth  ++........               T - ring of Robustness {AC+8}
                                p - ring of Benevolence {+Blink rElec MP+9 Str+8 Dex-3}

@: slowed, deflect missiles, very slow, very resistant to hostile enchantments,
unstealthy
A: no food or potions, fire vulnerability, cold resistance 1, negative energy
resistance 3, torment resistance, unbreathing, in touch with death 1, restore
body
a: Self-Restoration, Channel Energy, Forget Spell, Renounce Religion, Evoke
Blink
}: 2/15 runes: serpentine, barnacled


You were on level 2 of the Tomb of the Ancients.
You worshipped Sif Muna.
Sif Muna was exalted by your worship.
You were not hungry.

You visited 9 branches of the dungeon, and saw 45 of its levels.
You also visited: Labyrinth, Bailey and Ice Cave.

You collected 6378 gold pieces.
You spent 1491 gold pieces at shops.

Inventory:

Hand Weapons
 i - the +12 rapier of Defenestration (weapon) {pain, rElec rN+ Dex+2}
   (You found it in a labyrinth)

   In the hands of one skilled in necromantic magic, it inflicts extra damage on
   living creatures.
   It affects your dexterity (+2).
   It insulates you from electricity.
   It protects you from negative energy.
 u - a +5 demon blade of flaming
 B - the +13 sword of the Doom Knight {pain, -Cast MR+}
   (You found it on level 3 of the Crypt)

   In the hands of one skilled in necromantic magic, it inflicts extra damage on
   living creatures.
   It affects your resistance to hostile enchantments.
   It prevents spellcasting.
 F - the +10 spear of Due Proportion {pierce, rN+ MR+}
   (You found it on level 3 of the Crypt)

   It inflicts extra damage upon your enemies.
   It protects you from negative energy.
   It affects your resistance to hostile enchantments.
Missiles
 r - 41 javelins of penetration
 L - 103 javelins (quivered)
Armour
 k - a +2 helmet (worn)
 o - a +2 robe of resistance (worn)
 v - a +1 cloak (worn)
 y - the +3 warlock's mirror (worn) {reflect}
   (You found it on level 4 of the Shoals)
 C - the +0 pair of gloves of Satisfaction (worn) {rN+ Int+4}
   (You found it on level 15 of the Dungeon)

   It affects your intelligence (+4).
   It protects you from negative energy.
 G - a +2 robe of magic resistance
 V - a +2 pair of boots of stealth (worn)
Magical Staves
 J - an uncursed staff of power
Rods
 Y - a +4 rod of inaccuracy (10/10)
   (You found it in a labyrinth)
Jewellery
 f - an uncursed ring of protection from magic
 g - the ring of Yqitaups {+Blink rF+ rN+}
   (You found it on level 7 of the Lair of Beasts)

   [ring of protection from fire]

   It protects you from fire.
   It protects you from negative energy.
   It lets you blink.
 h - an uncursed ring of protection from cold
 p - the ring of Benevolence (left hand) {+Blink rElec MP+9 Str+8 Dex-3}
   (You found it on level 8 of the Lair of Beasts)

   [ring of magical power]

   It affects your strength (+8).
   It affects your dexterity (-3).
   It insulates you from electricity.
   It affects your magic capacity (+9).
   It lets you blink.
 q - an amulet of magic regeneration (around neck)
 I - an uncursed ring of protection from fire
 N - an uncursed ring of flight
 P - an uncursed ring of protection from cold
 R - a +5 amulet of reflection
 T - the ring of Robustness (right hand) {AC+8}
   (You found it in a labyrinth)

   [ring of protection]

   It affects your AC (+8).
Wands
 b - a wand of digging (8/24)
 t - a wand of disintegration (9/24)
 w - a wand of teleportation (5/9)
 E - a wand of hasting (5/9)
 K - a wand of paralysis (18/24)
Scrolls
 a - 4 scrolls of summoning
 c - 2 scrolls of silence
 d - 2 scrolls of recharging
 j - 5 scrolls of fear
 l - 9 scrolls of teleportation
 m - 17 scrolls of identify
 n - 10 scrolls of enchant weapon
 x - 20 scrolls of remove curse
 z - 2 scrolls of brand weapon
 A - 13 scrolls of fog
 D - a scroll of torment
 H - 5 scrolls of magic mapping
 Q - a scroll of vulnerability
 S - 4 scrolls of enchant armour
Books
 s - Sif Muna's Papyrus of Doomed Calling
   (Sif Muna gifted it to you on level 2 of the Vaults)

   Spells                             Type                      Level
   a - Animate Dead                   Necromancy                   4
   b - Aura of Abjuration             Summoning                    5
   c - Summon Demon                   Summoning                    5
   d - Monstrous Menagerie            Summoning                    7
Miscellaneous
 M - a fan of gales (inert)


   Skills:
 - Level 9.0 Fighting
 + Level 14.6 Throwing
 - Level 5.0 Dodging
 - Level 1.5 Stealth
 - Level 4.1 Shields
 - Level 13.0 Spellcasting
 - Level 5.1 Hexes
 - Level 5.3 Charms
 - Level 19.3 Summonings
 - Level 11.0 Necromancy
 - Level 7.6 Translocations
   Level 4.0 Ice Magic
 - Level 8.3 Air Magic
 - Level 8.0 Invocations


You had 3 spell levels left.
You knew the following spells:

 Your Spells              Type           Power        Failure   Level  Hunger
a - Haunt                 Necr/Summ      #######...   8%          7    N/A
b - Airstrike             Air            ######....   1%          4    N/A
c - Dispel Undead         Necr           #######.     1%          5    N/A
d - Deflect Missiles      Chrm/Air       ######....   34%         6    N/A
e - Swiftness             Chrm/Air       ######..     1%          2    N/A
f - Aura of Abjuration    Summ           #######...   1%          5    N/A
h - Summon Mana Viper     Hex/Summ       ######..     1%          5    N/A
i - Summon Hydra          Summ           #######...   1%          7    N/A
j - Blink                 Tloc           N/A          1%          2    N/A

Dungeon Overview and Level Annotations

Branches:
Dungeon (15/15)            Temple (0/1) D:6            Lair (8/8) D:9
 Shoals (4/4) Lair:5        Snake (4/4) Lair:5        Slime (0/6) Lair:7
    Orc (2/2) D:12            Elf (3/3) Orc:2        Vaults (4/5) D:14
  Crypt (3/3) Vaults:3       Tomb (2/3) Crypt:3      Depths (0/5) D:15

Altars:
Dithmenos
Kikubaaqudgha
Makhleb
Sif Muna
Trog
Yredelemnul
Beogh

Shops:
D:6 [   Orc:2 !?(=   Elf:1 ?   Shoals:4 ?

Portals:
Trove: D:14 (give +5 demon blade)


Innate Abilities, Weirdness & Mutations

You do not eat or drink.
Your flesh is vulnerable to fire.
You are immune to poison.
Your flesh is cold resistant.
You are immune to negative energy.
You are immune to unholy pain and torment.
You can survive without breathing.
You are in touch with the powers of death.
You can restore your body by infusing magical energy.


Message History

You block the death scarab's attack. The jiangshi claws you!
* * * LOW HITPOINT WARNING * * *
The jiangshi claws you but does no damage.
The anubis guard howls a warning cry!
The anaconda skeleton grabs you.
You stop ascending the stairs.
The anaconda skeleton bites you but does no damage.
* * * LOW HITPOINT WARNING * * *
The anaconda skeleton constricts you.
The greater mummy casts a spell.
The anubis guard invokes the aid of its god against you.
Your +3 warlock's mirror {reflect} reflects the Dispel Undead!
The anubis guard is unaffected.
The storm dragon skeleton bites you but does no damage.
You block the storm dragon skeleton's attack.
The storm dragon skeleton barely misses you.
The mummy hits you but does no damage.
The anaconda skeleton loses its grip on you.
The anubis guard howls a warning cry!
The flayed ghost misses you. The death scarab bites you!!
You die...

..........?..s.
............M..
..........ss...
.....W.....s...
.......§.......
.#...ZW.M...(#.
..?..MW.VW.....
..Z.zVH@ZZ.....
...sMVMBW3.....
.#...M.Z....:#.
..WH.Ms........
...HnWZs.......
......s........
...(...........
...............


You could see 2 greater mummies, 8 emperor scorpions, 3 mummy priests, 2
jiangshi, 2 flayed ghosts, a phantasmal warrior, 3 anubis guards, 2 freezing
wraiths, 2 hungry ghosts, a chaos spawn, a vampire, a death scarab, a
necrophage, 2 mummies, a wight, an iron dragon simulacrum, a shock serpent
zombie, an anaconda skeleton, a storm dragon skeleton, an iron dragon skeleton
and a shock serpent skeleton.

Vanquished Creatures
  Khufu (Crypt:3)
  3 greater mummies (Tomb:1)
  A profane servitor (Crypt:3)
  A bone dragon (Crypt:3)
  2 liches
  A deep elf master archer (Elf:3)
  4 ancient champions
  4 revenants
  A vault warden (Vaults:4)
  A caustic shrike zombie (Crypt:1)
  2 deep elf sorcerers (Elf:3)
  7 ghouls
  A deep elf elementalist (Elf:3)
  7 vampire knights
  4 deep elf demonologists (Elf:3)
  2 dire elephants (Lair:8)
  4 deep elf annihilators
  6 eidola
  4 deep elf death magi
  A merfolk javelineer (Shoals:4)
  13 mummy priests
  5 ogre magi
  16 jiangshi
  A great orb of eyes (Vaults:4)
  2 anacondas
  A merfolk aquamancer (Shoals:3)
  3 centaur warriors
  38 dancing weapons
  A vampire mage (Crypt:1)
  Urug (D:11)
  A soul eater (Crypt:1)
  A shock serpent (Snake:2)
  3 deep elf knights
  A titan skeleton (Crypt:1)
  A hellephant skeleton (Crypt:1)
  3 shadow wraiths (Crypt:3)
  A fire crab (Vaults:2)
  36 skeletal warriors
  2 death scarabs (Tomb:1)
  4 deep trolls
  An unseen horror (Vaults:1)
  4 flayed ghosts
  2 giant orange brains
  A naga ritualist (Snake:4)
  A sea snake (Shoals:4)
  3 harpies
  8 deep elf archers
  A hill giant (D:15)
  A necromancer (Crypt:3)
  13 phantasmal warriors
  A spectral alligator (Crypt:3)
  A hornet (Vaults:3)
  4 orc sorcerers
  A wolf spider zombie (Crypt:3)
  7 ugly things
  20 deep elf magi
  2 salamanders (Snake:3)
  A faun (Shoals:1)
  A manticore (Shoals:4)
  2 frost giant zombies
  A centaur zombie (D:15)
  4 elephants
  3 ice statues (IceCv)
  A dire elephant zombie (Crypt:1)
  4 black mambas
  2 naga magi (Snake:1)
  A centaur skeleton (D:9)
  A stone giant skeleton (Crypt:2)
  3 spiny frogs (Lair:8)
  A mottled draconian zombie (Crypt:2)
  7 yaktaurs
  4 freezing wraiths
  18 guardian mummies
  A queen ant zombie (Crypt:1)
  2 tengu conjurers
  A jumping spider (Vaults:4)
  A polar bear (D:15)
  4 merfolk
  7 two-headed ogres
  2 boulder beetles
  An ettin zombie (Crypt:3)
  A slime creature (Vaults:2)
  3 bog bodies
  2 frost giant simulacra
  A fire giant simulacrum (Crypt:2)
  65 flying skulls
  3 redbacks
  A fire dragon skeleton (Crypt:1)
  A satyr skeleton (Crypt:1)
  A wind drake zombie (Crypt:2)
  13 wraiths
  A wyvern (D:12)
  An ice dragon skeleton (Crypt:1)
  4 water elementals
  4 shadows
  3 yaks
  4 fire elementals
  2 hungry ghosts
  2 hippogriffs
  2 vampire mosquitoes
  2 small abominations (Crypt:3)
  11 nagas
  A soldier ant (D:11)
  A water moccasin (Lair:8)
  4 porcupines
  14 orc warriors
  3 ice beasts
  A black bear (D:13)
  A sky beast (D:11)
  5 necrophages (Crypt:3)
  2 eyes of draining
  5 wolves
  4 ogres
  2 phantoms
  A boggart (Vaults:1)
  6 centaurs
  A crocodile (Lair:7)
  A komodo dragon zombie (Crypt:1)
  A wyvern zombie (D:13)
  13 giant frogs
  A spiny frog simulacrum (Crypt:1)
  An earth elemental (Elf:3)
  2 scorpions
  A spriggan zombie (Crypt:1)
  A howler monkey (D:10)
  2 wights (D:12)
  4 crimson imps
  A giant frog zombie (D:8)
  5 orc priests
  5 hounds
  3 giant frog skeletons
  A gnoll shaman (D:8)
  3 iguanas
  12 orc wizards
  Terence (D:3)
  6 worker ants
  A killer bee zombie (D:7)
  3 sheep
  A hound skeleton (D:11)
  13 mummies (Tomb:1)
  2 worker ant zombies
  3 gnolls
  A howler monkey skeleton (D:2)
  8 river rats
  10 adders
  A steam dragon skeleton (Crypt:2)
  6 shadow imps
  A white imp (Lair:7)
  2 oozes
  A worm (D:2)
  2 dart slugs (D:2)
  7 giant geckos
  33 orcs
  6 bats
  8 giant cockroaches
  8 hobgoblins
  12 jackals
  9 kobolds
  4 quokkas
  2 ball pythons
  A ball python zombie (Crypt:2)
  3 giant newts (D:2)
  A giant newt skeleton (Crypt:1)
  8 goblins
  A hobgoblin zombie (Crypt:1)
  A jackal skeleton (Crypt:2)
  An orc simulacrum (Crypt:3)
  6 rats
  A rat skeleton (Crypt:1)
  5 lost souls
749 creatures vanquished.

Vanquished Creatures (collateral kills)
  Mara (Crypt:3)
  Saint Roka (Snake:3)
  Vashnia (Snake:4)
  Nikola (Shoals:1)
  Jory (Vaults:2)
  Rupert (Vaults:2)
  Jorgrun (Snake:4)
  2 deep elf blademasters (Elf:3)
  A deep elf master archer (Elf:3)
  Kirke (Shoals:1)
  9 sphinxes
  A storm dragon (Vaults:3)
  An ancient champion (Vaults:2)
  Roxanne (Shoals:1)
  Ilsuiw (Shoals:4)
  The ghost of Galewind the Spry, an adept DECj of Vehumet (Snake:1)
  6 greater nagas
  Maud (D:11)
  4 deep elf sorcerers
  Wiglaf (Crypt:2)
  A fire giant (Vaults:2)
  Donald (Shoals:2)
  Aizul (Snake:3)
  Louise (Vaults:2)
  2 ghouls
  3 vault wardens
  2 orc warlords
  The ghost of ThereIsNoGod the Executioner, a journeyman MiGl of Makhleb (Lair:8)
  4 deep elf elementalists
  4 very ugly things (Vaults:3)
  A spriggan defender (Vaults:2)
  8 ironheart preservers
  3 stone giants
  A vampire knight (Vaults:2)
  A salamander stormcaller (Vaults:2)
  4 dire elephants (Lair:8)
  4 deep elf annihilators
  5 deep elf demonologists
  Snorg (Orc:1)
  A fire dragon (Vaults:1)
  A crystal guardian (Vaults:4)
  10 deep elf death magi
  A minotaur (Lab)
  7 merfolk javelineers
  A mummy priest (Tomb:1)
  2 deep elf high priests (Elf:3)
  9 merfolk impalers
  8 yaktaur captains
  Josephine (D:11)
  13 naga warriors
  3 great orbs of eyes
  Fannar (Lair:3)
  An ice dragon (D:15)
  An entropy weaver (Vaults:4)
  5 anacondas
  A catoblepas (shapeshifter) (Vaults:4)
  6 hydras
  A merfolk avatar (Shoals:4)
  12 death knights
  2 catoblepae
  10 centaur warriors
  2 alligator snapping turtles
  7 merfolk aquamancers
  A satyr (Shoals:4)
  2 dancing weapons (Elf:2)
  7 ogre magi
  A deep troll shaman (Vaults:2)
  3 tengu warriors
  2 deep troll earth magi
  12 death yaks
  4 orc high priests
  17 naga sharpshooters
  A soul eater (Crypt:1)
  7 shock serpents
  14 deep elf knights
  Nergalle (D:10)
  The ghost of Heedrag the Destroyer, a novice DECj of Vehumet (D:10)
  The ghost of curty the Destroyer, a novice NaFE of Kikubaaqudgha (Bailey)
  2 salamander mystics (Snake:4)
  A fire crab (Vaults:4)
  2 hell knights (Crypt:3)
  4 skeletal warriors
  2 death scarabs (Tomb:1)
  A naga ritualist (Snake:3)
  2 shadow wraiths
  2 unseen horrors
  11 sea snakes
  A flayed ghost (Crypt:2)
  A giant orange brain (Vaults:1)
  5 hill giants
  3 necromancers
  7 deep trolls
  7 ironbrand convokers
  9 deep elf archers
  13 harpies
  41 deep elf magi
  20 orc knights
  5 anubis guards (Tomb:1)
  10 mana vipers
  3 wizards
  The ghost of ThereIsNoGod the Cleaver, a novice MiGl of Makhleb (Bailey)
  3 wolf spiders
  2 oklob plants (Snake:2)
  3 orc sorcerers
  17 griffons
  50 ugly things
  10 cyclopes
  A hornet (Vaults:4)
  9 fauns
  7 manticores
  8 salamanders
  Maurice (D:13)
  19 elephants
  4 water nymphs
  7 sirens
  6 vault sentinels
  2 centaur zombies
  11 naga magi
  17 black mambas
  Joseph (D:10)
  A torpor snail (Lair:4)
  A guardian serpent (Snake:2)
  11 spiny frogs
  A gargoyle (D:12)
  Psyche (D:10)
  11 komodo dragons
  3 kobold demonologists (Vaults:3)
  A tengu conjurer (D:14)
  2 efreet
  25 yaktaurs
  6 freezing wraiths
  2 harpy zombies (Shoals:2)
  3 polar bears
  9 trolls
  4 wind drakes
  A jumping spider (Vaults:1)
  36 merfolk
  A polar bear (shapeshifter) (Vaults:2)
  A two-headed ogre (shapeshifter) (Elf:2)
  A slime creature (shapeshifter) (D:15)
  14 two-headed ogres
  15 slime creatures
  4 ushabtiu (Tomb:1)
  15 blink frogs
  10 snapping turtles
  A spriggan (Lair:4)
  8 boulder beetles
  3 flying skulls
  A wyvern (Lair:4)
  A tarantella (Vaults:4)
  8 redbacks
  35 yaks
  14 water elementals
  6 air elementals
  5 hogs (Shoals:1)
  2 shadows (D:15)
  2 basilisks (Lair:6)
  6 wraiths
  A basilisk (shapeshifter) (D:13)
  A fire elemental (Elf:2)
  12 hippogriffs
  12 vampire mosquitoes
  44 nagas
  A swamp worm (shapeshifter) (Vaults:3)
  10 wargs
  A mottled dragon (D:13)
  A soldier ant (D:13)
  10 porcupines
  26 water moccasins
  A giant eyeball (shapeshifter) (Vaults:3)
  A wasp (D:8)
  A swamp drake (D:12)
  39 orc warriors
  A black bear (D:12)
  5 ice beasts (IceCv)
  5 sky beasts
  An eye of draining (D:13)
  A necrophage (D:8)
  37 ogres
  A phantom (D:12)
  12 wolves
  9 centaurs
  3 boggarts (Vaults:1)
  12 crocodiles
  A rime drake zombie (Crypt:1)
  4 big kobolds
  12 giant frogs
  5 earth elementals
  A wyvern zombie (D:11)
  2 hippogriff zombies (Shoals:2)
  5 wights
  4 crimson imps
  6 jellies
  A quasit (D:12)
  A giant frog zombie (D:13)
  3 hounds
  A wasp zombie (D:11)
  17 orc priests
  2 centaur skeletons
  21 orc wizards
  Ijyb (D:3)
  Jessica (D:3)
  An iguana (shapeshifter) (Vaults:4)
  4 iguanas
  6 worker ants
  22 sheep
  2 mummies (Tomb:1)
  7 gnolls
  41 river rats
  3 shadow imps
  5 oozes (D:10)
  2 worms (D:2)
  A giant gecko (D:2)
  64 orcs
  A bat (D:1)
  A bat zombie (Shoals:2)
  2 goblins (D:14)
  3 hobgoblins (Bailey)
  13 kobolds
  2 quokkas
  A giant newt (D:2)
  A quokka skeleton (D:8)
  3 bushes
  2 butterflies (Lair:6)
  2 crawling corpses (Elf:3)
  32 fungi
  48 plants
1472 creatures vanquished.

Vanquished Creatures (others)
  A merfolk javelineer (Shoals:4)
  A yaktaur captain (Vaults:4)
  A naga sharpshooter (Snake:3)
  A shadow wraith (Vaults:4)
  A cyclops (Vaults:2)
  5 yaktaurs
  2 flying skulls (Tomb:2)
  A water elemental (Shoals:2)
  A human (Shoals:1)
  2 centaurs
  A mummy (Tomb:2)
  An orc (D:15)
  24 fungi
  A lost soul (Crypt:3)
  22 plants
  32 snaplasher vines
  5574 snaplasher vine segments
5671 creatures vanquished.

Grand Total: 7892 creatures vanquished

Notes
Turn   | Place    | Note
--------------------------------------------------------------
     0 | D:1      | gloryseeker the Mummy Summoner began the quest for the Orb.
     0 | D:1      | Reached XP level 1. HP: 13/13 MP: 3/3
   387 | D:1      | Reached XP level 2. HP: 18/19 MP: 5/5
   396 | D:1      | Learned a level 2 spell: Call Imp
   822 | D:2      | Reached skill level 4 in Summonings
   991 | D:2      | Reached XP level 3. HP: 21/24 MP: 6/6
  1211 | D:2      | Learned a level 3 spell: Call Canine Familiar
  1699 | D:2      | Reached XP level 4. HP: 26/30 MP: 7/7
  2088 | D:2      | Reached skill level 5 in Summonings
  2307 | D:3      | Noticed Ijyb
  2333 | D:3      | Noticed Jessica
  2341 | D:3      | Killed Jessica
  2359 | D:3      | Killed Ijyb
  2359 | D:3      | Reached XP level 5. HP: 33/35 MP: 6/8
  2444 | D:3      | Noticed Terence
  2452 | D:3      | Killed Terence
  2829 | D:4      | Found a bloodstained altar of Trog.
  2829 | D:4      | Found a deep blue altar of Sif Muna.
  2829 | D:4      | Found a shadowy altar of Dithmenos.
  2834 | D:4      | Became a worshipper of Sif Muna the Loreminder
  3129 | D:4      | Reached skill level 6 in Summonings
  3161 | D:4      | Noticed an ogre
  3185 | D:4      | Killed an ogre
  3185 | D:4      | Reached XP level 6. HP: 41/41 MP: 7/9
  3609 | D:5      | Entered Level 5 of the Dungeon
  4289 | D:6      | Found a staircase to the Ecumenical Temple.
  4329 | D:6      | Found a burning altar of Makhleb.
  4352 | D:6      | Found Vuar Hio's Armour Boutique.
  4359 | D:6      | Bought a +1 robe of fire resistance for 177 gold pieces
  4391 | D:6      | Noticed an ice beast
  4409 | D:6      | Reached * piety under Sif Muna
  4409 | D:6      | Reached skill level 7 in Summonings
  4438 | D:6      | Killed an ice beast
  4438 | D:6      | Reached XP level 7. HP: 24/46 MP: 9/11
  4651 | D:6      | Learned a level 4 spell: Summon Lightning Spire
  5118 | D:5      | Reached skill level 1 in Air Magic
  5192 | D:5      | Learned a level 4 spell: Summon Ice Beast
  6031 | D:7      | Reached XP level 8. HP: 43/52 MP: 10/14
  6292 | D:8      | Noticed a two-headed ogre
  6331 | D:8      | Reached ** piety under Sif Muna
  6759 | D:8      | Reached skill level 1 in Invocations
  6823 | D:8      | Killed a two-headed ogre
  7187 | D:8      | Reached skill level 1 in Ice Magic
  7559 | D:9      | Reached XP level 9. HP: 51/57 MP: 10/15
  7699 | D:9      | Reached *** piety under Sif Muna
  7919 | D:9      | Noticed a troll
  7939 | D:9      | Killed a troll
  8112 | D:9      | Found a staircase to the Lair.
  8211 | D:9      | Got a fine robe
  8222 | D:9      | Identified the +2 robe of Activism {rN+ Str+6 Dex+9 Slay-4} (You found it on level 9 of the Dungeon)
  8354 | D:10     | Entered Level 10 of the Dungeon
  8363 | D:10     | Noticed a troll
  8372 | D:10     | Killed a troll
  8438 | D:10     | Noticed Nergalle
  8449 | D:10     | Killed Nergalle
  8449 | D:10     | Reached skill level 8 in Summonings
  8800 | D:10     | Noticed Heedrag's ghost (novice DECj)
  8815 | D:10     | Killed Heedrag's ghost
  8815 | D:10     | Reached **** piety under Sif Muna
  8944 | D:10     | Noticed a troll
  9004 | D:10     | Killed a troll
  9004 | D:10     | Reached skill level 9 in Summonings
  9195 | D:10     | Noticed Joseph
  9203 | D:10     | Killed Joseph
  9228 | D:10     | Noticed Psyche
  9241 | D:10     | Killed Psyche
  9524 | D:10     | Reached XP level 10. HP: 62/63 MP: 12/16
  9731 | Lair:1   | Entered Level 1 of the Lair of Beasts
  9985 | Lair:1   | Reached ***** piety under Sif Muna
 10006 | Lair:1   | Noticed a black mamba
 10020 | Lair:1   | Killed a black mamba
 10020 | Lair:1   | Reached skill level 10 in Summonings
 10417 | Lair:1   | Noticed a five-headed hydra
 10447 | Lair:1   | Killed a five-headed hydra
 10729 | Lair:1   | Noticed a spiny frog
 10741 | Lair:1   | Killed a spiny frog
 11066 | Lair:1   | Noticed a spiny frog
 11073 | Lair:1   | Killed a spiny frog
 11191 | Lair:2   | Reached skill level 11 in Summonings
 11502 | Lair:2   | Reached skill level 1 in Fighting
 11646 | Lair:2   | Noticed an elephant
 11656 | Lair:2   | Killed an elephant
 11675 | Lair:2   | Noticed an elephant
 11690 | Lair:2   | Killed an elephant
 11988 | Lair:3   | Noticed an elephant
 12042 | Lair:3   | Killed an elephant
 12223 | Lair:3   | Noticed Fannar
 12510 | Lair:3   | Killed Fannar
 12510 | Lair:3   | Reached skill level 5 in Fighting
 12920 | Lair:3   | Noticed a griffon
 12929 | Lair:3   | Killed a griffon
 12929 | Lair:3   | Reached XP level 11. HP: 81/81 MP: 3/17
 13198 | Lair:4   | Noticed a catoblepas
 13215 | Lair:4   | Killed a catoblepas
 13295 | Lair:4   | Noticed a death yak
 13638 | Lair:4   | Killed a death yak
 14250 | Lair:4   | Noticed a griffon
 14259 | Lair:4   | Killed a griffon
 14259 | Lair:4   | Reached skill level 5 in Dodging
 14647 | Lair:4   | Reached skill level 1 in Shields
 15060 | Lair:5   | Noticed a death yak
 15060 | Lair:5   | Noticed a death yak
 15060 | Lair:5   | Noticed a death yak
 15060 | Lair:5   | Noticed a death yak
 15060 | Lair:5   | Noticed a death yak
 15060 | Lair:5   | Noticed a death yak
 15082 | Lair:5   | Found a staircase to the Shoals.
 15088 | Lair:5   | Noticed a griffon
 15135 | Lair:4   | Killed a griffon
 15548 | Lair:5   | Found a staircase to the Snake Pit.
 16085 | Lair:5   | Killed a death yak
 16085 | Lair:5   | Reached skill level 5 in Spellcasting
 16201 | Lair:4   | Killed a death yak
 16546 | Lair:5   | Noticed a griffon
 16558 | Lair:5   | Killed a griffon
 16558 | Lair:5   | Reached ****** piety under Sif Muna
 16590 | Lair:5   | Received a gift from Sif Muna
 16593 | Lair:5   | Identified Maneif's Collected Works on Displacement and Feathers (Sif Muna gifted it to you on level 5 of the Lair of Beasts)
 16598 | Lair:5   | Learned a level 2 spell: Repel Missiles
 16604 | Lair:5   | Learned a level 5 spell: Summon Forest
 16710 | Lair:5   | Reached skill level 1 in Translocations
 17015 | Lair:4   | Killed a death yak
 17209 | Lair:4   | Killed a death yak
 17209 | Lair:4   | Reached XP level 12. HP: 69/88 MP: 3/21
 17357 | Lair:4   | Killed a death yak
 17540 | Lair:5   | Killed a death yak
 18650 | Lair:6   | Learned a level 4 spell: Airstrike
 19048 | Lair:6   | Noticed a catoblepas
 19064 | Lair:6   | Killed a catoblepas
 19559 | Lair:7   | Got an ancient wooden ring
 19561 | Lair:7   | Identified the ring of Yqitaups {+Blink rF+ rN+} (You found it on level 7 of the Lair of Beasts)
 19713 | Lair:7   | Reached skill level 12 in Summonings
 20258 | Lair:7   | Received a gift from Sif Muna
 20271 | Lair:7   | Learned a level 2 spell: Swiftness
 20299 | Lair:7   | Noticed a death yak
 20310 | Lair:7   | Noticed a death yak
 20311 | Lair:7   | Noticed a death yak
 20311 | Lair:7   | Noticed a death yak
 20312 | Lair:7   | Noticed a death yak
 20315 | Lair:7   | Killed a death yak
 20317 | Lair:7   | Killed a death yak
 20322 | Lair:7   | Killed a death yak
 20327 | Lair:7   | Killed a death yak
 20333 | Lair:7   | Killed a death yak
 20461 | Lair:7   | Found a staircase to the Slime Pits.
 20613 | Lair:8   | Entered Level 8 of the Lair of Beasts
 20693 | Lair:8   | Found a labyrinth entrance.
 20702 | Lab      | Entered a labyrinth
 20852 | Lab      | Noticed a minotaur
 20890 | Lab      | Killed a minotaur
 20907 | Lab      | Got a fine amber ring
 21000 | Lab      | Identified a +4 rod of inaccuracy (10/10) (You found it in a labyrinth)
 21001 | Lab      | Identified a +4 rod of ignition (11/11) (You found it in a labyrinth)
 21010 | Lab      | Got a pitted rapier
 21027 | Lab      | Identified the +12 rapier of Defenestration {pain, rElec rN+ Dex+2} (You found it in a labyrinth)
 21040 | Lair:8   | Identified the ring "Vatyusch" {rN++ Str+2} (You found it in a labyrinth)
 21353 | Lair:8   | Identified a scroll of acquirement
 21508 | Lair:8   | Noticed ThereIsNoGod's ghost (journeyman MiGl)
 21589 | Lair:7   | Gained mutation: You are in touch with the powers of death. [Mummy growth]
 21589 | Lair:7   | Gained mutation: You can restore your body by infusing magical energy. [Mummy growth]
 21589 | Lair:7   | Reached XP level 13. HP: 34/93 MP: 4/26
 21929 | Lair:8   | Killed ThereIsNoGod's ghost
 21929 | Lair:8   | Reached skill level 5 in Translocations
 22526 | Lair:8   | Noticed a dire elephant
 22689 | Lair:8   | Noticed a dire elephant
 22689 | Lair:8   | Noticed a dire elephant
 22691 | Lair:8   | Noticed a dire elephant
 22708 | Lair:8   | Killed a dire elephant
 22730 | Lair:8   | Killed a dire elephant
 23056 | Lair:8   | Killed a dire elephant
 23120 | Lair:8   | Killed a dire elephant
 23372 | Lair:8   | Received a gift from Sif Muna
 23375 | Lair:8   | Identified Dasoaquysol's Almanac of Arcane Weapons and the Entourage (Sif Muna gifted it to you on level 8 of the Lair of Beasts)
 23592 | Lair:8   | Got a pitted tin ring
 23599 | Lair:8   | Identified the ring of Benevolence {+Blink rElec MP+9 Str+8 Dex-3} (You found it on level 8 of the Lair of Beasts)
 23619 | Lair:8   | Noticed a dire elephant
 23619 | Lair:8   | Noticed a dire elephant
 23668 | Lair:8   | Killed a dire elephant
 23693 | Lair:8   | Killed a dire elephant
 24128 | D:11     | Got a transparent leather armour
 24139 | D:11     | Identified the +3 leather armour of Estrommek {Str+3 Int-4 SInv} (You found it on level 11 of the Dungeon)
 24242 | D:11     | Reached skill level 5 in Air Magic
 24587 | D:11     | Noticed Urug
 24610 | D:11     | Killed Urug
 24775 | D:11     | Noticed Maud
 24858 | D:11     | Killed Maud
 24942 | D:11     | Noticed Josephine
 24956 | D:11     | Killed Josephine
 25423 | D:12     | Found a staircase to the Orcish Mines.
 26175 | D:13     | Noticed Maurice
 26181 | D:13     | Killed Maurice
 26477 | D:13     | Received a gift from Sif Muna
 26720 | D:13     | Identified Sif Muna's Tome of Augmentations and Glamour (Sif Muna gifted it to you on level 13 of the Dungeon)
 26982 | D:13     | Learned a level 5 spell: Summon Mana Viper
 27123 | D:13     | Reached skill level 1 in Hexes
 27151 | D:13     | Reached XP level 14. HP: 72/100 MP: 20/27
 27519 | D:13     | Noticed an orc warlord
 27562 | D:13     | Killed an orc warlord
 28151 | Orc:1    | Entered Level 1 of the Orcish Mines
 28321 | Orc:2    | Entered Level 2 of the Orcish Mines
 28336 | Orc:2    | Reached skill level 5 in Hexes
 28473 | Orc:1    | Noticed Snorg
 28474 | Orc:1    | Found a roughly hewn altar of Beogh.
 28489 | Orc:1    | Killed Snorg
 28635 | Orc:1    | Reached skill level 5 in Invocations
 28837 | Orc:2    | Found a staircase to the Elven Halls.
 28948 | Orc:2    | Noticed an orc warlord
 28963 | Orc:2    | Killed an orc warlord
 30675 | Orc:2    | Found Umim's Jewellery Emporium.
 30675 | Orc:2    | Found Kusiklyerr's Distillery.
 30676 | Orc:2    | Found Coets's Magic Scroll Shop.
 30677 | Orc:2    | Found Bot Omnu's Antique Weapon Shop.
 30694 | Orc:2    | Bought a scroll of identify for 22 gold pieces
 30694 | Orc:2    | Bought a scroll of identify for 22 gold pieces
 30694 | Orc:2    | Bought a scroll of identify for 22 gold pieces
 30694 | Orc:2    | Bought a scroll of fog for 22 gold pieces
 30705 | Orc:2    | Bought an uncursed amulet of magic regeneration for 540 gold pieces
 31416 | D:14     | Found a flagged portal.
 31548 | Bailey   | Entered a bailey
 31548 | Bailey   | Noticed ThereIsNoGod's ghost (novice MiGl)
 31556 | Bailey   | Killed ThereIsNoGod's ghost
 31602 | Bailey   | Noticed curty's ghost (novice NaFE)
 31614 | Bailey   | Killed curty's ghost
 31663 | Bailey   | Found a burning altar of Makhleb.
 32303 | D:14     | Got a shadowed robe
 32314 | D:14     | Identified the +1 robe of Irpholel {rN++ MR- Int+3} (You found it on level 14 of the Dungeon)
 32365 | D:14     | Found a portal to a secret trove of treasure.
 32466 | D:14     | Reached skill level 10 in Spellcasting
 32618 | D:14     | Found a gate to the Vaults.
 33032 | D:15     | Entered Level 15 of the Dungeon
 33127 | D:15     | Found a frozen archway.
 33382 | IceCv    | Entered an ice cave
 33859 | IceCv    | Received a gift from Sif Muna
 34147 | D:15     | Got a pair of shimmering gloves
 34148 | D:15     | Identified the +0 pair of gloves of Satisfaction {rN+ Int+4} (You found it on level 15 of the Dungeon)
 34462 | D:15     | Reached XP level 15. HP: 93/105 MP: 25/30
 35313 | D:15     | Found a staircase to the Depths.
 35824 | Elf:1    | Entered Level 1 of the Elven Halls
 35851 | Elf:1    | Found Arot Ece's Magic Scroll Shop.
 35856 | Elf:1    | Bought a scroll of fear for 59 gold pieces
 35856 | Elf:1    | Bought a scroll of fear for 59 gold pieces
 36492 | Elf:1    | Received a gift from Sif Muna
 37612 | Elf:2    | Found a huge runed gate.
 37612 | Elf:2    | Found a huge runed gate.
 37612 | Elf:2    | Found a huge runed gate.
 37612 | Elf:2    | Found a huge runed gate.
 37612 | Elf:2    | Found a huge runed gate.
 37659 | Elf:2    | Reached skill level 13 in Summonings
 39627 | Elf:2    | Received a gift from Sif Muna
 39627 | Elf:2    | Reached skill level 14 in Summonings
 39629 | Elf:2    | Identified Sif Muna's Guide on Warped Slavery (Sif Muna gifted it to you on level 2 of the Elven Halls)
 39649 | Elf:2    | Learned a level 7 spell: Summon Hydra
 40650 | Elf:2    | Reached XP level 16. HP: 95/111 MP: 15/32
 41039 | Elf:3    | Entered Level 3 of the Elven Halls
 41663 | Elf:3    | Reached skill level 15 in Summonings
 42090 | Elf:3    | Noticed a Hell Sentinel
 42254 | Elf:3    | Received a gift from Sif Muna
 42257 | Elf:3    | Identified Sif Muna's Catalogue of the Voyage and Toxins (Sif Muna gifted it to you on level 3 of the Elven Halls)
 42263 | Elf:3    | Learned a level 2 spell: Blink
 42377 | Elf:3    | Noticed a Hell Sentinel
 42396 | Elf:3    | Noticed a deep elf master archer
 42642 | Elf:3    | Got a steaming platinum amulet
 42651 | Elf:3    | Identified the amulet "Pucveari" {Gourm Dex+6} (You took it off a deep elf death mage on level 3 of the Elven Halls)
 42668 | Elf:3    | Noticed a deep elf blademaster
 42673 | Elf:3    | Killed a deep elf blademaster
 42679 | Elf:3    | Noticed a deep elf master archer
 42699 | Elf:3    | Killed a deep elf master archer
 42730 | Elf:3    | Killed a deep elf master archer
 42887 | Elf:3    | Reached skill level 16 in Summonings
 44393 | Elf:3    | Noticed a deep elf blademaster
 45225 | Elf:3    | Killed a deep elf blademaster
 45225 | Elf:3    | Received a gift from Sif Muna
 45228 | Elf:3    | Identified Ceurph's Reference Book on Excruciating Darkness (Sif Muna gifted it to you on level 3 of the Elven Halls)
 45684 | Snake:1  | Entered Level 1 of the Snake Pit
 45725 | Snake:1  | Noticed Galewind's ghost (adept DECj)
 45766 | Snake:1  | Killed Galewind's ghost
 46244 | Snake:1  | Reached XP level 17. HP: 113/119 MP: 33/33
 48049 | Snake:3  | Noticed Aizul
 48080 | Snake:3  | Killed Aizul
 48093 | Snake:3  | Noticed Saint Roka
 48101 | Snake:3  | Killed Saint Roka
 48365 | Snake:3  | Reached skill level 1 in Charms
 49550 | Snake:4  | Entered Level 4 of the Snake Pit
 49603 | Snake:4  | Noticed Vashnia
 49974 | Snake:4  | Killed Vashnia
 50115 | Snake:4  | Identified a -3 rod of shadows (9/9) (You found it on level 4 of the Snake Pit)
 50378 | Snake:4  | Reached skill level 5 in Charms
 50547 | Snake:4  | Noticed Jorgrun
 50566 | Snake:4  | Killed Jorgrun
 50840 | Snake:4  | Reached skill level 17 in Summonings
 51281 | Snake:4  | Received a gift from Sif Muna
 51358 | Snake:4  | Got a serpentine rune of Zot
 51674 | Lair:1   | Learned a level 6 spell: Deflect Missiles
 51860 | Shoals:1 | Entered Level 1 of the Shoals
 52233 | Shoals:1 | Noticed Nikola
 52246 | Shoals:1 | Killed Nikola
 52850 | Shoals:1 | Noticed Roxanne
 52902 | Shoals:1 | Noticed Kirke
 52917 | Shoals:1 | Killed Kirke
 53023 | Shoals:1 | Killed Roxanne
 53394 | Shoals:2 | Noticed Donald
 53404 | Shoals:2 | Killed Donald
 53554 | Shoals:2 | Identified the Tome of the Aerial Voyage
 54084 | Shoals:3 | Reached XP level 18. HP: 100/132 MP: 34/34
 54213 | Shoals:3 | Reached skill level 18 in Summonings
 55114 | Shoals:4 | Entered Level 4 of the Shoals
 55697 | Shoals:4 | Received a gift from Sif Muna
 55700 | Shoals:4 | Identified Eveitaza's Reference Book on the Entourage (Sif Muna gifted it to you on level 4 of the Shoals)
 55705 | Shoals:4 | Got a shimmering pewter ring
 55708 | Shoals:4 | Identified the ring of the Catamount {rElec Int+4 Stlth-} (You found it on level 4 of the Shoals)
 55908 | Shoals:4 | Noticed Ilsuiw
 56615 | Shoals:4 | Killed Ilsuiw
 57824 | Shoals:4 | Learned a level 7 spell: Haunt
 57893 | Shoals:4 | Got a barnacled rune of Zot
 58020 | Shoals:4 | Found Womab's Magic Scroll Boutique.
 58035 | Shoals:4 | Reached skill level 1 in Necromancy
 58043 | Shoals:4 | Bought a scroll of fog for 32 gold pieces
 58043 | Shoals:4 | Bought 2 scrolls of identify for 64 gold pieces
 58043 | Shoals:4 | Bought a scroll of teleportation for 48 gold pieces
 58043 | Shoals:4 | Bought a scroll of fog for 32 gold pieces
 58043 | Shoals:4 | Bought a scroll of identify for 32 gold pieces
 58043 | Shoals:4 | Bought a scroll of blinking for 120 gold pieces
 58043 | Shoals:4 | Bought a scroll of enchant armour for 120 gold pieces
 58043 | Shoals:4 | Bought a scroll of enchant armour for 120 gold pieces
 58523 | Vaults:1 | Entered Level 1 of the Vaults
 59198 | Vaults:1 | Reached skill level 5 in Necromancy
 59219 | Vaults:1 | Got a twisted robe
 59220 | Vaults:1 | Identified the +1 robe "Hito" {rF+} (You found it on level 1 of the Vaults)
 60415 | Vaults:2 | Received a gift from Sif Muna
 60420 | Vaults:2 | Identified Sif Muna's Papyrus of Doomed Calling (Sif Muna gifted it to you on level 2 of the Vaults)
 60692 | Vaults:2 | Noticed Louise
 60692 | Vaults:2 | Noticed Rupert
 62026 | Vaults:2 | Noticed Jory
 62114 | Vaults:2 | Killed Louise
 62188 | Vaults:2 | Killed Jory
 62271 | Vaults:2 | Killed Rupert
 62420 | Vaults:2 | Reached XP level 19. HP: 124/138 MP: 27/36
 62421 | Vaults:2 | Reached skill level 10 in Necromancy
 63120 | Vaults:3 | Received a gift from Sif Muna
 63243 | Vaults:3 | Found a staircase to the Crypt.
 63243 | Vaults:3 | Found an ancient bone altar of Kikubaaqudgha.
 63244 | Vaults:3 | Found a basalt altar of Yredelemnul.
 64266 | Vaults:4 | Noticed a Brimstone Fiend
 65413 | Vaults:4 | Reached skill level 19 in Summonings
 65514 | Vaults:4 | Received a gift from Sif Muna
 66465 | Lair:1   | Learned a level 5 spell: Dispel Undead
 66471 | Lair:1   | Learned a level 5 spell: Aura of Abjuration
 66698 | Crypt:1  | Entered Level 1 of the Crypt
 66730 | Crypt:1  | Reached skill level 1 in Throwing
 67677 | Crypt:1  | Reached skill level 5 in Throwing
 67769 | Crypt:1  | Reached XP level 20. HP: 125/144 MP: 29/37
 68716 | Crypt:2  | Noticed Wiglaf
 68726 | Crypt:2  | Killed Wiglaf
 69178 | Crypt:3  | Entered Level 3 of the Crypt
 69696 | Crypt:3  | Reached skill level 10 in Throwing
 69766 | Crypt:3  | Found an ancient bone altar of Kikubaaqudgha.
 70637 | Crypt:3  | Noticed Mara
 70712 | Crypt:3  | Noticed a bone dragon
 70724 | Crypt:3  | Killed a bone dragon
 70786 | Crypt:3  | Noticed gloryseeker's illusion
 71037 | Crypt:3  | Noticed gloryseeker's illusion
 71039 | Crypt:3  | Killed Mara
 71139 | Crypt:3  | Reached XP level 21. HP: 150/150 MP: 19/38
 71284 | Crypt:3  | Noticed a profane servitor
 71289 | Crypt:3  | Killed a profane servitor
 71410 | Crypt:3  | Noticed Khufu
 71636 | Crypt:3  | Killed Khufu
 71820 | Crypt:3  | Found a staircase to the Tomb.
 71860 | Crypt:3  | Got a crude spear
 71861 | Crypt:3  | Identified the +10 spear of Due Proportion {pierce, rN+ MR+} (You found it on level 3 of the Crypt)
 71866 | Crypt:3  | Got a translucent hand axe
 71867 | Crypt:3  | Identified the +8 hand axe of Certain Death {antimagic, *Drain rElec MP+9 SInv} (You found it on level 3 of the Crypt)
 72051 | Tomb:1   | Entered Level 1 of the Tomb of the Ancients
 73153 | Tomb:1   | Noticed a greater mummy
 73167 | Tomb:1   | Killed a greater mummy
 73403 | Tomb:1   | Noticed a greater mummy
 73412 | Tomb:1   | Killed a greater mummy
 73904 | Tomb:1   | Noticed a greater mummy
 73912 | Tomb:1   | Killed a greater mummy
 74045 | Tomb:2   | Noticed an ancient lich
 74045 | Tomb:2   | Noticed a greater mummy
 74045 | Tomb:2   | Noticed a greater mummy
 74048 | Tomb:2   | HP: 4/150 [guardian mummy (20)]
 74052 | Tomb:1   | HP: 1/150 [death scarab (5)]
 74532 | Tomb:2   | Noticed a greater mummy
 74656 | Tomb:2   | HP: 5/150 [jiangshi[a mummy priest] (13)]
 74656 | Tomb:2   | Demolished by a death scarab

Skill      XL: |  1  2  3  4  5  6  7  8  9 10 11 12 13 14 15 16 17 18 19 20 21 |
---------------+----------------------------------------------------------------+-----
Summonings     | 4 5 6 7 9 11 12 14 16 17 18 19 | 19.3
Spellcasting   | 4 6 9 11 12 13 | 13.0
Air Magic      | 3 4 8 |  8.3
Invocations    | 4 8 |  8.0
Ice Magic      | 3 4 |  4.0
Fighting       | 6 9 |  9.0
Dodging        | 5 |  5.0
Shields        | 4 |  4.1
Translocations | 2 4 7 |  7.6
Hexes          | 1 5 |  5.1
Charms         | 5 |  5.3
Necromancy     | 9 11 | 11.0
Throwing       | 5 12 14 | 14.6
Stealth        | |  1.5

Action                   |  1- 3 |  4- 6 |  7- 9 | 10-12 | 13-15 | 16-18 | 19-21 || total
-------------------------+-------+-------+-------+-------+-------+-------+-------++-------
Melee: Unarmed           |    23 |       |       |       |       |       |       ||    23
       Mace              |   123 |   214 |   287 |   333 |       |       |       ||   957
       Dagger            |     5 |       |       |       |       |       |       ||     5
       Spear             |       |       |     7 |     3 |       |       |       ||    10
       Rapier            |       |       |       |    41 |   654 |   394 |   476 ||  1565
       Staff             |       |       |       |       |    35 |    12 |       ||    47
 Fire: Blowgun           |       |     7 |     4 |     7 |       |       |       ||    18
Throw: Tomahawk          |       |     1 |     2 |       |       |       |       ||     3
       Javelin           |       |       |       |     3 |       |     1 |    10 ||    14
 Cast: Summon Small Mamm |     2 |       |       |       |       |       |       ||     2
       Call Canine Famil |     1 |     8 |    37 |   114 |   109 |    17 |       ||   286
       Call Imp          |     1 |       |     3 |     7 |       |       |       ||    11
       Summon Lightning  |       |       |    31 |    37 |     2 |    42 |       ||   112
       Summon Ice Beast  |       |       |    14 |   180 |   208 |    49 |       ||   451
       Summon Forest     |       |       |       |    30 |    76 |    54 |     4 ||   164
       Repel Missiles    |       |       |       |     1 |     2 |     2 |       ||     5
       Swiftness         |       |       |       |       |     2 |     3 |       ||     5
       Summon Mana Viper |       |       |       |       |    43 |   139 |    44 ||   226
       Airstrike         |       |       |       |       |   156 |   166 |    15 ||   337
       Summon Hydra      |       |       |       |       |     3 |   385 |   100 ||   488
       Deflect Missiles  |       |       |       |       |       |    12 |     1 ||    13
       Haunt             |       |       |       |       |       |     8 |    32 ||    40
       Dispel Undead     |       |       |       |       |       |       |   477 ||   477
       Aura of Abjuratio |       |       |       |       |       |       |     7 ||     7
       Blink             |       |       |       |       |       |       |     1 ||     1
Invok: Channel Energy    |       |       |    41 |   205 |   296 |   893 |   701 ||  2136
       Forget Spell      |       |       |       |     2 |       |       |       ||     2
Evoke: Wand              |       |       |       |     4 |     3 |     6 |     2 ||    15
       Rod               |       |       |       |       |    22 |       |       ||    22
       Fan of gales      |       |       |       |       |       |       |     1 ||     1
  Use: Scroll            |       |     9 |     3 |    14 |    16 |    20 |    13 ||    75
 Stab: Sleeping          |     2 |     2 |     3 |     5 |     1 |     1 |     4 ||    18
       Distracted        |       |       |     1 |     7 |     7 |     8 |     4 ||    27
       Paralysed         |       |       |       |     3 |       |       |       ||     3
Armor: Robe              |    65 |   107 |   158 |   202 |   306 |   260 |   217 ||  1315
Dodge: Dodged            |   136 |   131 |   233 |   333 |   463 |   379 |   270 ||  1945
       Deflected         |       |       |       |       |    21 |   117 |    48 ||   186
Block: Buckler           |       |       |       |   112 |   405 |   383 |   366 ||  1266
       Reflection        |       |       |       |       |    57 |   111 |    46 ||   214
